 Dungeon Crawl Stone Soup version 0.31-a0-848-gaac375c287 (webtiles) character file.

Game seed: 17373485599391121299

361606 freelancePsychic the Warrior (level 20, -23/165 (202) HPs)
             Began as a Grey Draconian Monk on Oct 3, 2023.
             Was the Champion of Ru.
             Annihilated by an ettin
             ... wielding a +0 dire flail
              (40 damage)
             ... on level 2 of the Depths on Oct 4, 2023.
             The game lasted 01:34:46 (42886 turns).

freelancePsychic the Warrior (Grey Draconian Monk) Turns: 42886, Time: 01:34:47

HP:   -23/165 (202) AC: 19    Str: 24    XL:     20   Next: 50%
MP:   3/25          EV: 18    Int: 20    God:    Ru [******]
Gold: 3265          SH:  0    Dex: 21    Spells: 13/29 levels left

rFire   + .          .
                       - Unarmed
rCold   . . .        u - melded orb {*Rage}
rNeg    . . .        (body armour unavailable)
rPois   +            W - melded +4 hat of Ovaruggy {Regen+}
rElec   .            g - melded scarf {rC+ rF+}
rCorr   +            (gloves currently unavailable)
SInv    .            I - melded +2 pair of boots {rampage}
Will    +....        p - amulet of regeneration
Stlth   ++           q - ring "Ehoh" {rPois rCorr Int+8}
HPRegen 1.27/turn    z - ring of protection from fire
MPRegen 0.19/turn

%: no passive effects
@: dragon-form, flayed, flying, studying Transmutations, heavily drained, unable
to drink
A: dragon claw, dragon scales, flying, AC +15, amphibious, giant, unfitting
armour, low MP 1, (cold-blooded), inability to drink after injury 2, inability
to use devices, unskilled 1, inexperienced 1, mutation resistance 1
}: 2/15 runes: decaying, serpentine
a: Begin Untransformation, Renounce Religion, Draw Out Power, Power Leap,
Apocalypse


You were on level 2 of the Depths.
You worshipped Ru.
Ru was exalted by your worship.
You were a fearsome iron dragon!
You visited 9 branches of the dungeon, and saw 42 of its levels.
You visited the Abyss 1 time.
You visited 1 bazaar.
You also visited: Ossuary, Gauntlet and Wizlab.

You collected 5696 gold pieces.
You spent 2431 gold pieces at shops.

Inventory:

Hand Weapons
 a - a +0 short sword
Missiles
 J - 3 throwing nets
Armour
 g - a scarf of resistance (melded)
 l - a +2 cloak
 u - an orb of wrath (melded)
 I - a +2 pair of boots of rampaging (melded)
 W - the +4 hat of Ovaruggy (melded) {Regen+}
   (You acquired it on level 1 of the Vaults)

   Regen+:    It increases your rate of health regeneration.
Jewellery
 p - an amulet of regeneration (around neck)
 q - the ring "Ehoh" (left foreclaw) {rPois rCorr Int+8}
   (You found it in a Gauntlet)

   [ring of poison resistance]

   Int+8:     It affects your intelligence (+8).
   rPois:     It protects you from poison rCorr: It protects you from acid and
   corrosion.
 y - a ring of protection from fire
 z - a ring of protection from fire (right foreclaw)
 B - the ring of Uxkisibb {rN+ MP+9}
   (You found it in an ossuary)

   [ring of positive energy]

   rN+:       It protects you from negative energy.
   MP+9:      It affects your magic capacity (+9).
 D - a +5 ring of evasion
 F - a ring of ice
 N - a ring of protection from cold
 P - a ring of magical power
 R - a ring of ice
 T - the ring "Vito" {rPois Int+3 SInv Stlth-}
   (You took it off a deep elf death mage on level 3 of the Elven Halls)

   [ring of poison resistance]

   Int+3:     It affects your intelligence (+3).
   rPois:     It protects you from poison SInv: It lets you see invisible.
   Stlth-:    It makes you less stealthy.
 Z - a ring of fire
Talismans
 c - a talisman of death
 d - a blade talisman
 Q - a maw talisman
 V - a dragon-blood talisman (active)
Scrolls
 i - 8 scrolls of fog
 j - 3 scrolls of revelation
 n - 8 scrolls of teleportation {@r4}
 r - 9 scrolls of blinking
 t - 7 scrolls of vulnerability
 w - 6 scrolls of enchant weapon
 A - a scroll of silence
 E - a scroll of poison
 H - 2 scrolls of fear
 K - 8 scrolls of enchant armour
 O - 4 scrolls of amnesia
 U - 20 scrolls of identify {@r1}
 X - a scroll of torment
Potions
 b - 4 potions of ambrosia
 f - 2 potions of resistance
 h - 17 potions of curing {@q1}
 k - 4 potions of berserk rage
 m - 4 potions of heal wounds {@q2}
 o - 5 potions of haste {@q3}
 s - 3 potions of lignification
 v - 4 potions of invisibility
 x - 7 potions of brilliance
 C - 8 potions of might
 G - a potion of enlightenment
 L - 2 potions of magic
 M - 3 potions of cancellation
 Y - a potion of attraction


   Skills:
 - Level 18.0 Fighting
 - Level 2.7 Short Blades
 - Level 16.5 Dodging
 + Level 17.3 Unarmed Combat
 - Level 5.2 Spellcasting
 - Level 7.5 Conjurations
 - Level 8.7 Hexes
 + Level 5.6 Translocations
 - Level 13.0 Transmutations
 + Level 13.2 Shapeshifting


You had 13 spell levels left.
You knew the following spells:

 Your Spells              Type           Power      Damage    Failure   Level
a - Wereblood             Tmut           55%        N/A       1%          2
b - Manifold Assault      Tloc           27%        N/A       11%         4
c - Yara's Violent Unrav  Hex/Tmut       24%        3d11      3%          5
h - Irradiate             Conj/Tmut      23%        3d19      4%          5

Your spell library contained the following spells:

 Spells                   Type           Power      Damage    Failure   Level
 Magic Dart               Conj           100%       1d8       1%          1
 Sting                    Tmut/Pois      100%       1d8       1%          1
 Blink                    Tloc           54%        N/A       1%          2
 Jinxbite                 Hex            80%        N/A       1%          2
 Lesser Beckoning         Tloc           54%        N/A       1%          2
 Momentum Strike          Conj/Tloc      62%        3d9       1%          2
 Searing Ray              Conj           70%        2d7       1%          2
 Dazzling Flash           Conj/Hex       74%        N/A       1%          3
 Tukima's Dance           Hex            40%        N/A       1%          3
 Foxfire                  Conj/Fire      80%        2x1d8     2%          1
 Shock                    Conj/Air       80%        1d8       2%          1
 Ensorcelled Hibernation  Hex/Ice        44%        N/A       3%          2
 Gell's Gravitas          Tloc           27%        N/A       3%          3
 Teleport Other           Tloc           27%        N/A       3%          3
 Cause Fear               Hex            20%        N/A       3%          4
 Fulminant Prism          Conj/Hex       18%        3d10      4%          4
 Inner Flame              Hex/Fire       22%        N/A       6%          3
 Dimensional Bullseye     Hex/Tloc       16%        N/A       6%          4
 Hailstorm                Conj/Ice       20%        3d6       7%          3
 Stone Arrow              Conj/Erth      40%        3d9       7%          3
 Iskenderun's Mystic Bla  Conj/Tloc      31%        2d8       8%          4
 Petrify                  Tmut/Erth      31%        N/A       8%          4
 Freeze                   Ice            20%        1d4       12%         1
 Mephitic Cloud           Conj/Pois/Air  15%        N/A       12%         3
 Call Imp                 Summ           10%        N/A       17%         2
 Cigotuvi's Dreadful Rot  Necr/Pois/Air  10%        N/A       17%         2
 Poisonous Vapours        Pois/Air       10%        N/A       17%         2
 Scorch                   Fire           10%        2d5       17%         2
 Sublimation of Blood     Necr           5%         N/A       17%         2
 Anguish                  Hex/Necr       11%        N/A       19%         4
 Leda's Liquefaction      Hex/Erth       11%        N/A       19%         4
 Alistair's Intoxication  Tmut/Pois      20%        N/A       22%         5
 Flame Wave               Conj/Fire      20%        2d7       24%         4
 Sticky Flame             Conj/Fire      20%        2d4       24%         4
 Frozen Ramparts          Ice            10%        1d2       34%         3
 Swiftness                Air            5%         N/A       34%         3
 Vhi's Electric Charge    Tloc/Air       32%        N/A       34%         4
 Silence                  Hex/Air        11%        N/A       47%         5
 Arcjolt                  Conj/Air       10%        1d20      54%         5
 Fireball                 Conj/Fire      10%        3d6       54%         5
 Airstrike                Air            2%         2d(1-17)  75%         4
 Summon Ice Beast         Ice/Summ       5%         N/A       75%         4
 Eringya's Noxious Bog    Tmut/Pois      15%        4d6       77%         6
 Dispersal                Tloc           13%        N/A       86%         6
 Enfeeble                 Hex            20%        N/A       95%         7
 Agony                    Necr           5%         N/A       97%         5
 Borgnjor's Vile Clutch   Necr/Erth      2%         N/A       97%         5
 Lee's Rapid Deconstruct  Erth           2%         3d5*      97%         5
 Bombard                  Conj/Erth      10%        9d2       98%         6
 Conjure Ball Lightning   Conj/Air       10%        3x3d6     98%         6
 Plasma Beam              Fire/Air       2%         2x1d12    100%        6
 Simulacrum               Ice/Necr       2%         N/A       100%        6
 Summon Cactus Giant      Summ           2%         N/A       100%        6
 Spellforged Servitor     Conj/Summ      10%        N/A       100%        7
 Summon Hydra             Summ           2%         N/A       100%        7
 Disjunction              Tloc           13%        N/A       100%        8
 Lehudib's Crystal Spear  Conj/Erth      10%        10d4      100%        8
 Dragon's Call            Summ           2%         N/A       100%        9
 Animate Armour           Summ/Erth      Unusable   N/A       N/A         4

Dungeon Overview and Level Annotations

Branches:
Dungeon (15/15)            Temple (1/1) D:4            Lair (5/5) D:11
  Swamp (4/4) Lair:3        Snake (4/4) Lair:2        Slime (0/5) Lair:4
    Orc (2/2) D:11            Elf (3/3) Orc:2        Vaults (4/5) D:13
  Crypt (0/3) Vaults:2     Depths (4/4) D:15        Ossuary (visited)
 WizLab (visited)         Gauntlet (visited)
    Zot: Depths:4

Altars:
Ashenzari
Cheibriados
Dithmenos
Elyvilon
Fedhas
Gozag
Hepliaklqana
Kikubaaqudgha
Makhleb
Nemelex Xobeh
Okawaru
Qazlal
Ru
Sif Muna
Trog
Uskayaw
Vehumet
Wu Jian
Xom
Yredelemnul
Zin
The Shining One
Jiyva

Shops:
D:9 =   D:12 *   Orc:2 :[!   Elf:3 (   Snake:1 (   Vaults:1 *   Vaults:2 !

Portals:
Hell: Depths:3
Abyss: Depths:3
Pandemonium: Orc:2 Depths:1 Depths:2 Depths:3

Annotations:
D:2 1 runed translucent door, Crazy Yiuf
D:4 2 transporters
D:5 3 runed translucent doors, bahustanut's ghost, novice OpAE
D:8 exclusion: 7 centaurs
D:9 exclusion: two-headed ogre
Lair:2 3 runed translucent doors, 0gre's ghost, journeyman GnIE
Swamp:3 2 transporters, notthatgreg's ghost, adept DEHs
Snake:1 3 runed translucent doors, Axiustri's ghost, adept DESu
Elf:2 5 runed translucent doors
Elf:3 1 runed translucent door, amoryguerra's ghost, veteran MiBe
Depths:2 Saint Roka; the Enchantress


Innate Abilities, Weirdness & Mutations

You are a fearsome iron dragon!
You have a powerful clawing attack.
Your giant scaled body is strong and resilient, but less evasive.
You are flying.
Your armour is entirely melded.
You are incapable of wielding weapons or throwing items.
Your dull iron-grey scales are very hard. (AC +15)
You are amphibious.
You cannot fit into any form of body armour.
Your magical capacity is low. (-10% MP)
((You are cold-blooded and may be slowed by cold attacks.))
You sometimes lose the ability to drink potions when taking damage.
You cannot study or use magical devices.
You are somewhat unskilled. (-1 Apt)
You are somewhat inexperienced. (-1 XL)
You are somewhat resistant to further mutation.


Message History

The ettin is stunned by your conviction and fails to attack.
The stone giant hits you but does no damage.
A flayed ghost comes into view.
You barely miss the stone giant. You tail-slap the stone giant.
The stone giant is heavily wounded.
The ettin is stunned by your conviction and fails to attack.
You hit the stone giant.
The stone giant is heavily wounded.
A spriggan defender simulacrum comes into view.
The stone giant barely misses you.
The flayed ghost stares at you with tortured malice.
Terrible wounds open up all over your body!
You feel threatened and lose the ability to drink potions!
Casting: Manifold Assault (mildly dangerous; 11% risk of failure)
Confirm with . or Enter, or press ? or * to list all spells.
You don't have enough magic to cast this spell.
You maul the ettin!!!
You tail-slap the ettin, but do no damage.
You bite the ettin!
The ettin is almost dead.
You hear a shout! x3
The ettin hits you with a +0 dire flail!
You focus your inner power and slow the ettin in retribution!
The ettin barely misses you.
Saint Roka the Messiah comes into view.
They are wielding a +0 bardiche.
The stone giant hits you!
You don't have enough magic at the moment.
Unknown command.
What are your orders? t - Roar!
Orders for allies: a - Attack new target. r - Retreat! s - Stop attacking. g - Guard the area. f - Follow me.
Anything else - Cancel.
You roar for attention!
You hear a shout! x2; You hear two shouts!
The spriggan defender simulacrum hits you!
The spriggan defender simulacrum freezes you!!!
* * * LOW HITPOINT WARNING * * *
The ettin hits you with a +0 dire flail!!!
You die...

#.......>~~8..≈≈≈≈≈
#.............~....
##.....##......... ##[.###
####...## ##..##########...#
#........[.......##....Z.~~≈~~≈
#.#########..~.............E≈≈~
#.........#.[~..#.. ......~≈C~
#..######.)..†DZ# ...m...~~.
..... ###..~CC(C.T.o....~....
####.. #.....≈~≈≈.~≈....~~≈~.
#. ###.....~~.~≈....~≈≈≈. .#
##....~≈.~# #..≈≈≈~~ #....~~.≈#
#.m~~~~V #.W..##### #.......
#....# #.##.... ##..#....


You could see Saint Roka, 2 stone giants, an ettin (slow), a flayed ghost, a
troll and a spriggan defender simulacrum.

Vanquished Creatures
  A Head Instructor (WizLab)
  Norris (Elf:3)
  A bone dragon (Abyss:4)
  Jorgrun (Swamp:2)
  Rupert (D:15)
  A lich (Depths:1)
  2 quicksilver dragons
  2 deep elf master archers (Elf:3)
  2 sphinxes
  3 deep elf blademasters
  2 tentacled starspawn (Abyss:4)
  4 tengu reavers
  A thorn hunter (Swamp:1)
  Donald (Elf:3)
  Aizul (Depths:2)
  A revenant (Vaults:2)
  3 frost giants
  4 nagarajas (Snake:4)
  A fenstrider witch (Swamp:3)
  An iron dragon (Vaults:4)
  2 deep elf elementalists (Elf:3)
  4 deep elf sorcerers
  9 vault wardens
  A balrug (Abyss:4)
  A spriggan defender (Depths:2)
  9 stone giants
  12 ironbound preservers
  An orc warlord (Vaults:4)
  A formless jellyfish (Vaults:4)
  6 very ugly things (Depths:3)
  7 ironbound thunderhulks
  A caustic shrike skeleton (Depths:2)
  4 vampire knights
  5 deep elf demonologists
  6 eleionomae
  The ghost of Rutzi the Markskobold, a journeyman KoHu of Dithmenos (Orc:1)
  A minotaur (Gauntlet)
  Azrael (Elf:1)
  5 dire elephants
  4 spark wasps (Depths:2)
  4 bunyips
  A starcursed mass (Abyss:4)
  7 deep elf annihilators (Elf:3)
  A blizzard demon (Abyss:4)
  4 deep elf death magi (Elf:3)
  5 fire dragons
  2 jiangshi
  5 deep elf high priests
  4 ettins
  A merfolk impaler (Depths:3)
  An entropy weaver (Vaults:4)
  A merfolk javelineer (Depths:3)
  A spectral golden dragon (Depths:2)
  5 yaktaur captains
  4 great orbs of eyes
  6 ice dragons
  10 rakshasas
  2 hell beasts (Depths:2)
  2 spriggan air magi
  12 vault guards
  4 ghost crabs
  2 salamander tyrants (Snake:4)
  Harold (D:9)
  2 demonspawn (Orc:2)
  Erolcha (D:12)
  10 anacondas
  8 hydras
  3 ogre magi (WizLab)
  2 catoblepae
  4 alligators (Swamp:1)
  4 boulder beetles
  13 ironbound frosthearts
  8 centaur warriors
  5 two-headed ogres
  2 deep troll earth magi (Depths:1)
  A vampire mage (Vaults:2)
  4 deep troll shamans
  19 dancing weapons
  12 death yaks
  5 naga warriors
  7 tengu warriors
  Urug (Lair:5)
  2 spriggan berserkers
  13 naga sharpshooters
  13 deep elf knights
  9 orc high priests
  7 shock serpents
  11 spriggans
  A hell knight (WizLab)
  A soul eater (Orc:2)
  A storm dragon zombie (Depths:2)
  4 skysharks
  4 goliath frogs
  5 salamander mystics
  3 iron trolls (Depths:1)
  3 wretched stars (Abyss:4)
  A golden dragon zombie (Depths:2)
  2 glowing orange brains
  2 naga ritualists
  50 deep trolls
  A titan skeleton (Depths:2)
  7 swamp dragons
  5 bog bodies
  A flayed ghost (Depths:3)
  An orange crystal statue (Gauntlet)
  6 sea snakes (Snake:2)
  13 deep elf archers
  A shadow demon (Abyss:4)
  3 shadow wraiths (Depths:2)
  A phantasmal warrior (Depths:2)
  A spriggan druid (Swamp:1)
  5 wizards
  32 deep elf pyromancers
  11 orc knights
  26 deep elf zephyrmancers
  7 lindwurms
  4 harpies (Vaults:1)
  19 ironbound convokers
  21 ugly things
  10 mana vipers
  Pikel (D:8)
  7 orc sorcerers
  A salamander (shapeshifter) (D:15)
  4 will-o-the-wisps
  14 salamanders
  2 manticores
  A cyclops (Orc:1)
  A moth of wrath (shapeshifter) (D:15)
  4 elephants (Lair:5)
  2 apocalypse crabs
  A fire giant skeleton (Depths:2)
  12 vault sentinels
  Maurice (D:12)
  32 black mambas
  12 naga magi
  A gargoyle (D:12)
  5 guardian serpents (Snake:4)
  Maggie (D:7)
  An orange demon (Orc:2)
  Jeremiah (D:8)
  2 cane toads (shapeshifter)
  8 cane toads
  An efreet (D:15)
  21 yaktaurs
  6 komodo dragons
  Psyche (D:11)
  5 tengu conjurers
  7 freezing wraiths
  7 rime drakes
  An ice devil (Orc:2)
  4 trolls
  7 tyrant leeches
  A merfolk (shapeshifter) (D:13)
  A hornet (shapeshifter) (D:14)
  9 hornets
  A bloated husk (Swamp:2)
  14 blink frogs
  5 polar bears
  A stone giant simulacrum (Depths:2)
  6 flying skulls
  7 air elementals
  25 water elementals
  26 slime creatures
  37 yaks
  A shadow (D:11)
  7 fire elementals
  3 wraiths
  5 wyverns
  3 basilisks
  3 vampire mosquitoes (Swamp:2)
  3 neqoxecs (Abyss:4)
  3 swamp worm simulacra (Swamp:4)
  2 steam dragons (D:8)
  A yaktaur simulacrum (Vaults:4)
  A redback (Vaults:4)
  6 wargs
  21 swamp worms
  38 nagas
  3 acid dragons
  2 hell hounds (Elf:1)
  12 hydra simulacra (Swamp:4)
  10 water moccasins
  Duvessa (D:6)
  4 large abominations (Abyss:4)
  2 swamp drakes
  6 ice beasts
  4 black bears
  47 orc warriors
  A sky beast (D:7)
  5 ogres
  24 wolves
  5 phantoms
  2 lemures (D:8)
  6 centaurs
  A kobold brigand (D:11)
  2 earth elementals
  A gnoll sergeant (D:12)
  14 bullfrogs
  Blork the orc (D:5)
  3 scorpions
  2 small abominations (Abyss:4)
  Dowan (D:6)
  A howler monkey (D:8)
  7 killer bees
  3 electric eels
  3 lava snakes (Lair:2)
  28 orc priests
  3 hounds
  A jelly (D:4)
  4 iguanas
  Ijyb (D:5)
  Terence (D:2)
  A sleepcap (D:5)
  23 orc wizards
  4 hell rats (Lair:5)
  3 mummies (Ossuary)
  Robin (D:4)
  6 gnolls
  14 adders
  3 shadow imps
  3 white imps
  3 ufetubi
  5 swamp drake simulacra (Swamp:4)
  4 worms
  3 dart slugs
  91 orcs
  7 bats
  7 endoplasms
  3 giant cockroaches
  18 goblins
  9 hobgoblins
  6 jackals (D:3)
  8 quokkas
  6 ball pythons
  4 frilled lizards
  4 goblin zombies (Ossuary)
  4 hobgoblin zombies (Ossuary)
  14 kobolds
  2 kobold zombies (Ossuary)
  7 rats
1496 creatures vanquished.

Vanquished Creatures (collateral kills)
  A wizard (WizLab)
1 creature vanquished.

Vanquished Creatures (others)
  A fire giant (Depths:1)
  A spectral caustic shrike (Depths:2)
  A deep elf elementalist (Elf:3)
  A dancing weapon (Elf:1)
  A naga warrior (Snake:1)
  2 deep trolls
  A deep elf zephyrmancer (Elf:1)
  An ugly thing (Depths:2)
  A gargoyle (D:11)
  5 bloated husks
  A slime creature (Vaults:2)
  A flying skull (Depths:2)
  A yak (Lair:2)
  A centaur (D:14)
  An orc priest (Orc:2)
  2 orcs
  24 foxfires
  4 starspawn tentacles (Abyss:4)
50 creatures vanquished.

Grand Total: 1547 creatures vanquished

Notes
Turn   | Place    | Note
-------+----------+-------------------------------------------
     0 | D:1      | freelancePsychic the Draconian Monk began the quest for the
                  | Orb.
     0 | D:1      | Reached XP level 1. HP: 19/19 MP: 1/1
   252 | D:1      | Reached XP level 2. HP: 26/26 MP: 2/2
   425 | D:1      | Reached skill level 1 in Shapeshifting
   452 | D:1      | Reached skill level 1 in Unarmed Combat
   501 | D:1      | Reached XP level 3. HP: 27/33 MP: 3/3
  1091 | D:2      | Reached skill level 4 in Fighting
  1119 | D:2      | Reached XP level 4. HP: 33/40 MP: 4/4
  1199 | D:2      | Noticed Terence
  1391 | D:2      | Gained mutation: You occasionally lose the ability to drink
                  | potions when taking damage. [potion of mutation]
  1391 | D:2      | Gained mutation: You are dopey. (Int -2) [potion of
                  | mutation]
  1391 | D:2      | Gained mutation: You have supernaturally acute eyesight.
                  | (SInv) [potion of mutation]
  1392 | D:2      | Lost mutation: You have supernaturally acute eyesight.
                  | (SInv) [potion of mutation]
  1392 | D:2      | Lost mutation: You occasionally lose the ability to drink
                  | potions when taking damage. [potion of mutation]
  1392 | D:2      | Lost mutation: You are dopey. (Int -2) [potion of mutation]
  1392 | D:2      | Gained mutation: You have a beak for a mouth. [potion of
                  | mutation]
  1405 | D:2      | Killed Terence
  1515 | D:2      | Found a runed translucent door.
  1516 | D:2      | Noticed Crazy Yiuf
  1572 | D:2      | Found a broken altar of Ashenzari.
  1744 | D:3      | Found a radiant altar of Vehumet.
  1791 | D:3      | Reached XP level 5. HP: 47/47 MP: 5/5
  2935 | D:4      | Noticed Robin
  3113 | D:4      | Found a transporter.
  3119 | D:4      | Found a transporter.
  3120 | D:4      | Noticed a water moccasin
  3128 | D:4      | Found a broken altar of Ashenzari.
  3128 | D:4      | Found an ornate altar of the Wu Jian Council.
  3128 | D:4      | Found an iron altar of Okawaru.
  3490 | D:4      | Found a staircase to the Ecumenical Temple.
  3499 | D:4      | Reached XP level 6. HP: 53/53 MP: 6/6
  3535 | Temple   | Entered the Ecumenical Temple
  3557 | Temple   | Became a worshipper of Ru the Awakened
  3575 | D:4      | Gained mutation: You cannot study or use magical devices.
                  | [Ru sacrifice]
  3575 | D:4      | Reached * piety under Ru
  3575 | D:4      | Reached ** piety under Ru
  3592 | D:4      | Reached skill level 5 in Fighting
  3763 | D:4      | Killed Robin
  4204 | D:5      | Entered Level 5 of the Dungeon
  4484 | D:5      | Noticed Ijyb
  4499 | D:5      | Killed Ijyb
  4500 | D:5      | Your scales start taking on a dull iron-grey colour.
  4500 | D:5      | Reached XP level 7. HP: 61/61 MP: 7/7
  4603 | D:5      | Reached skill level 5 in Shapeshifting
  4742 | D:5      | Reached skill level 6 in Fighting
  4790 | D:5      | Reached XP level 8. HP: 70/70 MP: 8/8
  4838 | D:5      | Noticed bahustanut's ghost (novice OpAE)
  4843 | D:5      | Found a runed translucent gate.
  4843 | D:5      | Found a runed translucent gate.
  4843 | D:5      | Found a runed translucent gate.
  5041 | D:5      | Noticed Blork the orc
  5055 | D:5      | Killed Blork the orc
  5505 | D:6      | Reached skill level 5 in Unarmed Combat
  5523 | D:6      | Noticed Duvessa
  5544 | D:6      | Killed Duvessa
  5556 | D:6      | Noticed Dowan
  5575 | D:6      | Killed Dowan
  5646 | D:6      | Found a sand-covered staircase.
  5650 | Ossuary  | Entered an ossuary
  5767 | Ossuary  | Reached skill level 7 in Fighting
  5784 | Ossuary  | Gained mutation: You occasionally lose the ability to drink
                  | potions when taking damage. [Ru sacrifice]
  5784 | Ossuary  | Gained mutation: You sometimes lose the ability to drink
                  | potions when taking damage. [Ru sacrifice]
  5784 | Ossuary  | Reached *** piety under Ru
  5895 | Ossuary  | Identified the ring of Uxkisibb {rN+ MP+9}
  6310 | D:6      | Reached XP level 9. HP: 79/79 MP: 9/9
  6370 | D:6      | You fall into a shaft and drop 3 floors!
  6385 | D:9      | Found Vigudiuw's Jewellery Boutique.
  6391 | D:9      | Noticed a two-headed ogre
  6407 | D:9      | Noticed Harold
  6725 | D:9      | Killed Harold
  6726 | D:9      | Reached skill level 8 in Fighting
  6728 | D:9      | Killed a two-headed ogre
  7024 | D:8      | Reached XP level 10. HP: 83/90 MP: 10/10
  7290 | D:7      | Noticed Maggie
  7305 | D:7      | Killed Maggie
  7306 | D:7      | Reached skill level 9 in Fighting
  7996 | D:8      | Gained mutation: You are somewhat unskilled. (-1 Apt) [Ru
                  | sacrifice]
  7996 | D:8      | Reduced skill Fighting to level 8
  7996 | D:8      | Reached **** piety under Ru
  8580 | D:8      | Noticed a two-headed ogre
  8599 | D:8      | Killed a two-headed ogre
  8720 | D:8      | Noticed Pikel
  8742 | D:8      | Killed Pikel
  8807 | D:8      | Noticed Jeremiah
  8834 | D:8      | Killed Jeremiah
  9441 | D:9      | Reached skill level 9 in Fighting
  9443 | D:9      | Reached XP level 11. HP: 81/97 MP: 11/11
  9807 | D:10     | Entered Level 10 of the Dungeon
  9854 | D:10     | Reached skill level 10 in Shapeshifting
 10227 | D:10     | Gained mutation: Your magical capacity is low. (-10% MP)
                  | [Ru sacrifice]
 10227 | D:10     | Reached ***** piety under Ru
 10524 | D:11     | Noticed Psyche
 10525 | D:11     | Killed Psyche
 10598 | D:11     | Noticed a death yak
 10598 | D:11     | Noticed a death yak
 10614 | D:11     | Killed a death yak
 10615 | D:11     | Reached skill level 5 in Dodging
 10624 | D:11     | Noticed a death yak
 10646 | D:11     | Found a staircase to the Lair.
 10665 | D:11     | Killed a death yak
 10666 | D:11     | Reached skill level 10 in Fighting
 10673 | D:11     | Killed a death yak
 11014 | D:11     | Found a staircase to the Orcish Mines.
 11221 | D:12     | Noticed Erolcha
 11228 | D:12     | Killed Erolcha
 11355 | D:12     | Noticed a purple ugly thing
 11368 | D:12     | Killed a purple ugly thing
 11369 | D:12     | Reached XP level 12. HP: 108/108 MP: 10/10
 11427 | D:12     | Noticed Maurice
 11433 | D:12     | Something stole a ring of wizardry
 11440 | D:12     | Killed Maurice
 11509 | D:12     | Found Fiddi Tuu's General Store.
 11525 | D:12     | Noticed a two-headed ogre
 11535 | D:12     | Killed a two-headed ogre
 11581 | D:12     | Reached skill level 1 in Transmutations
 11797 | D:13     | Noticed a rakshasa
 11797 | D:13     | Noticed a rakshasa
 11797 | D:13     | Noticed a rakshasa
 11797 | D:13     | Noticed a rakshasa
 11797 | D:13     | Noticed a rakshasa
 11797 | D:13     | Noticed a rakshasa
 11808 | D:12     | Killed a rakshasa
 11877 | D:13     | Killed a rakshasa
 11877 | D:13     | Killed a rakshasa
 11877 | D:13     | Killed a rakshasa
 11878 | D:13     | Reached skill level 11 in Fighting
 11879 | D:13     | Killed a rakshasa
 11883 | D:13     | Killed a rakshasa
 11976 | D:13     | Noticed a two-headed ogre
 11980 | D:13     | Killed a two-headed ogre
 11981 | D:13     | Reached skill level 10 in Unarmed Combat
 12021 | D:13     | Gained mutation: You are somewhat inexperienced. (-1 XL)
                  | [Ru sacrifice]
 12021 | D:13     | Reached XP level 11. HP: 78/102 MP: 9/9
 12021 | D:13     | Reached ****** piety under Ru
 12156 | D:13     | Noticed a tengu warrior
 12162 | D:13     | Killed a tengu warrior
 12190 | D:13     | Noticed a vault guard
 12206 | D:13     | Killed a vault guard
 12272 | Lair:1   | Entered Level 1 of the Lair of Beasts
 12276 | Lair:1   | Learned a level 2 spell: Wereblood
 12438 | Lair:1   | Reached XP level 12. HP: 112/112 MP: 7/10
 13056 | Lair:2   | Reached skill level 12 in Fighting
 13098 | Lair:2   | Found a runed translucent gate.
 13099 | Lair:2   | Found a runed translucent gate.
 13378 | Lair:2   | Reached skill level 5 in Transmutations
 13396 | Lair:2   | Noticed 0gre's ghost (journeyman GnIE)
 13397 | Lair:2   | Noticed a minotaur
 13409 | Lair:2   | Found a runed translucent gate.
 13459 | Lair:2   | Found a staircase to the Snake Pit.
 14140 | Lair:3   | Found a staircase to the Swamp.
 14707 | Lair:4   | Identified the +0 leather armour "Beakoe" {Harm Will++
                  | Dex+5}
 15598 | Lair:4   | Found a viscous altar of Jiyva.
 15598 | Lair:4   | Found a staircase to the Slime Pits.
 15620 | Lair:5   | Entered Level 5 of the Lair of Beasts
 16174 | Lair:5   | Reached skill level 10 in Dodging
 16231 | Lair:5   | Noticed Urug
 16241 | Lair:5   | Killed Urug
 16242 | Lair:5   | Reached XP level 13. HP: 101/118 MP: 11/11
 17065 | D:13     | Found a gate to the Vaults.
 17415 | D:14     | Found a flickering gateway to a bazaar.
 17460 | Bazaar   | Entered a bazaar
 17460 | Bazaar   | Found Ovvun's Magic Scroll Boutique.
 17460 | Bazaar   | Found Forom's Armour Shoppe.
 17460 | Bazaar   | Found Kerhum's Book Shoppe.
 17461 | Bazaar   | Found Balap's Assorted Antiques.
 17461 | Bazaar   | Found Qusm's Magic Scroll Emporium.
 17486 | Bazaar   | Bought a scroll of teleportation for 36 gold pieces
 17486 | Bazaar   | Bought a scroll of blinking for 90 gold pieces
 17489 | Bazaar   | Bought a scroll of blinking for 150 gold pieces
 17489 | Bazaar   | Bought 3 scrolls of blinking for 450 gold pieces
 17489 | Bazaar   | Bought a scroll of teleportation for 60 gold pieces
 17492 | Bazaar   | Bought a potion of cancellation for 264 gold pieces
 17492 | Bazaar   | Bought a potion of curing for 99 gold pieces
 17492 | Bazaar   | Bought a potion of heal wounds for 165 gold pieces
 18003 | D:14     | Got a dusty book
 18211 | D:15     | Entered Level 15 of the Dungeon
 18538 | D:15     | Found the +9 scales of the Dragon King {rPois rF+ rC+
                  | Will+}
 18563 | D:15     | Found a staircase to the Depths.
 18897 | D:15     | Noticed Rupert
 18906 | D:15     | Killed Rupert
 19615 | Swamp:1  | Entered Level 1 of the Swamp
 19628 | Swamp:1  | Upgraded the game from 0.31-a0-846-gb3bcc0d938 to
                  | 0.31-a0-848-gaac375c287
 19648 | Swamp:1  | Reached XP level 14. HP: 105/120 MP: 1/12
 19649 | Swamp:1  | Reached skill level 13 in Fighting
 20188 | Swamp:2  | Noticed Jorgrun
 20204 | Swamp:2  | Killed Jorgrun
 20744 | Swamp:1  | Found a glowing silver altar of Zin.
 20808 | Swamp:1  | You fall into a shaft and drop 1 floor!
 20894 | Swamp:1  | Noticed a thorn hunter
 21239 | Snake:1  | Entered Level 1 of the Snake Pit
 21247 | Snake:1  | Found a shimmering altar of Xom.
 21671 | Snake:1  | Reached skill level 14 in Fighting
 21812 | Snake:1  | Found a runed translucent gate.
 21812 | Snake:1  | Found a runed translucent gate.
 21812 | Snake:1  | Found a runed translucent gate.
 21813 | Snake:1  | Noticed Axiustri's ghost (adept DESu)
 22133 | Snake:1  | Found Folecopre's Antique Weapon Shoppe.
 23411 | Snake:2  | Found the +4 robe of Folly {Brill Will-∞ Int+8}
 23597 | Snake:2  | Reached XP level 15. HP: 108/138 MP: 11/13
 24077 | Snake:3  | Identified the +9 spear "Qaurouca" {freeze, rElec}
 24559 | Snake:4  | Entered Level 4 of the Snake Pit
 24944 | Snake:4  | Noticed a quicksilver dragon
 24951 | Snake:4  | Killed a quicksilver dragon
 25275 | Snake:4  | Reached skill level 15 in Fighting
 25689 | Snake:4  | Got a serpentine rune of Zot
 25991 | Swamp:1  | Killed a thorn hunter
 26137 | Swamp:3  | Reached skill level 15 in Unarmed Combat
 26156 | Swamp:3  | Paralysed by a fenstrider witch for 2 turns
 26162 | Swamp:3  | Reached XP level 16. HP: 149/149 MP: 11/14
 26361 | Swamp:3  | Found a transporter.
 26374 | Swamp:3  | Identified the +7 rapier of Defiance {flame, Contam rC+++
                  | Int+2 Stlth+}
 26375 | Swamp:3  | Found a bloodstained altar of Trog.
 26378 | Swamp:3  | Noticed notthatgreg's ghost (adept DEHs)
 26381 | Swamp:3  | Found a transporter.
 26791 | Swamp:4  | Entered Level 4 of the Swamp
 27902 | Swamp:4  | Got a decaying rune of Zot
 28112 | Orc:1    | Entered Level 1 of the Orcish Mines
 28251 | Orc:1    | You fall into a shaft and drop 1 floor!
 28251 | Orc:2    | Entered Level 2 of the Orcish Mines
 28295 | Orc:2    | Found a gate leading to a gauntlet.
 28304 | Gauntlet | Entered a Gauntlet
 28304 | Gauntlet | Found a transporter.
 28304 | Gauntlet | Found a transporter.
 28319 | Gauntlet | Found a transporter.
 28334 | Gauntlet | Found a transporter.
 28334 | Gauntlet | Found a transporter.
 28334 | Gauntlet | Found a transporter.
 28336 | Gauntlet | Found a transporter.
 28336 | Gauntlet | Found a transporter.
 28348 | Gauntlet | Found a transporter.
 28363 | Gauntlet | Found a transporter.
 28367 | Gauntlet | Found a runed translucent door.
 28374 | Gauntlet | Found a transporter.
 28391 | Gauntlet | Found a transporter.
 28408 | Gauntlet | Found a transporter.
 28421 | Gauntlet | Found a transporter.
 28495 | Gauntlet | Identified the ring "Ehoh" {rPois rCorr Int+8}
 28532 | Gauntlet | Identified the -2 pair of boots "Mausegop" {rC+ Dex+3}
 28537 | Gauntlet | Identified the +5 war axe of Bloody Death {venom, Dex+4
                  | SInv Stlth+}
 28744 | Orc:2    | Found Xaekhun's Distillery.
 28749 | Orc:2    | Found Sig Seg's Distillery.
 28791 | Orc:2    | Bought a potion of resistance for 130 gold pieces
 28791 | Orc:2    | Bought a potion of heal wounds for 65 gold pieces
 28791 | Orc:2    | Bought a potion of cancellation for 104 gold pieces
 28958 | Orc:2    | Paralysed by an orc sorcerer for 2 turns
 28962 | Orc:2    | Reached skill level 15 in Dodging
 29067 | Orc:2    | Found Fomuxuf's Book Emporium.
 29067 | Orc:2    | Found Fat Gadd's Antique Armour Shoppe.
 29068 | Orc:2    | Found a one-way gate leading to the halls of Pandemonium.
 29070 | Orc:2    | Bought a book of Alchemy for 448 gold pieces
 29252 | Orc:2    | Found a staircase to the Elven Halls.
 29398 | Orc:1    | Found a large runed translucent door.
 29399 | Orc:1    | Found a large runed translucent door.
 29401 | Orc:1    | Noticed Rutzi's ghost (journeyman KoHu)
 29715 | Orc:1    | Killed Rutzi's ghost
 29716 | Orc:1    | Reached skill level 16 in Fighting
 29898 | Elf:1    | Entered Level 1 of the Elven Halls
 30238 | Elf:1    | Identified the +6 falchion of Luxefoce {vamp, Str+3 Int+4
                  | Dex+4}
 30248 | Elf:1    | Learned a level 5 spell: Irradiate
 30254 | Elf:1    | Learned a level 5 spell: Yara's Violent Unravelling
 30384 | Elf:1    | Paralysed by an air elemental for 1 turns
 30388 | Elf:1    | Paralysed by an air elemental for 1 turns
 30391 | Elf:1    | Reached XP level 17. HP: 137/144 MP: 7/16
 30392 | Elf:1    | Reached skill level 1 in Spellcasting
 30392 | Elf:1    | Reached skill level 1 in Conjurations
 30392 | Elf:1    | Reached skill level 1 in Hexes
 30410 | Elf:1    | Noticed Azrael
 30423 | Elf:1    | Killed Azrael
 31274 | Elf:2    | Found a magical portal.
 31287 | WizLab   | Entered Yara's Duelist Academy
 31560 | WizLab   | Noticed Tygalup
 31577 | WizLab   | Killed Tygalup the Head Instructor
 31781 | WizLab   | Paralysed by a vampire knight for 4 turns
 32555 | Elf:2    | Found a huge runed translucent gate.
 32555 | Elf:2    | Found a huge runed translucent gate.
 32555 | Elf:2    | Found a huge runed translucent gate.
 32555 | Elf:2    | Found a huge runed translucent gate.
 32555 | Elf:2    | Found a huge runed translucent gate.
 32739 | Elf:3    | Entered Level 3 of the Elven Halls
 32847 | Elf:3    | Found a runed translucent door.
 32847 | Elf:3    | Found a shimmering altar of Xom.
 32847 | Elf:3    | Noticed amoryguerra's ghost (veteran MiBe)
 32873 | Elf:3    | Noticed Donald
 32873 | Elf:3    | Found Fajoc's Antique Weapon Emporium.
 32884 | Elf:3    | Killed Donald
 33215 | Elf:3    | Identified a scroll of acquirement
 33215 | Elf:3    | Acquired 858 gold pieces
 33648 | Elf:3    | Noticed Norris
 33650 | Elf:3    | Identified the +1 quarterstaff "Ban Tumn" {flame, Str-2
                  | Int+2 Dex+3 Stlth+}
 33650 | Elf:3    | Identified the ring "Vito" {rPois Int+3 SInv Stlth-}
 33652 | Elf:3    | Killed Norris
 33653 | Elf:3    | Reached XP level 18. HP: 49/162 MP: 12/22
 33920 | Elf:3    | Identified the +1 leather armour of Omission {Will+ Int+3}
 33922 | Elf:3    | Identified the staff "Pendulum" {rF+ rCorr Int+3 Dex+2
                  | Fire}
 33961 | Elf:3    | Reached skill level 5 in Conjurations
 34202 | Abyss:4  | Cast into level 4 of the Abyss (a deep elf sorcerer)
 34289 | Abyss:4  | Noticed a bone dragon
 34306 | Abyss:4  | Killed a bone dragon
 34370 | Abyss:4  | Reached skill level 5 in Spellcasting
 34370 | Abyss:4  | Reached skill level 5 in Hexes
 34381 | Abyss:4  | Gained mutation: Your magical capacity is very low. (-20%
                  | MP) [a neqoxec]
 34397 | Abyss:4  | Gained mutation: You sometimes lose your temper in combat.
                  | [a neqoxec]
 34400 | Abyss:4  | Gained mutation: You are clumsy. (Dex -2) [a neqoxec]
 34483 | Elf:3    | Escaped the Abyss
 34513 | Elf:3    | Got a vibrant book
 34515 | Elf:3    | Identified the +1 helmet "Tublat" {Slay+4}
 34523 | Elf:3    | Got a black book
 34779 | Vaults:1 | Entered Level 1 of the Vaults
 34801 | Vaults:1 | Found Bofuik's General Store.
 34809 | Vaults:1 | Bought a potion of resistance for 190 gold pieces
 35564 | Vaults:1 | Lost mutation: You have a beak for a mouth. [potion of
                  | mutation]
 35564 | Vaults:1 | Lost mutation: Your magical capacity is very low. (-20% MP)
                  | [potion of mutation]
 35564 | Vaults:1 | Gained mutation: You have supernaturally acute eyesight.
                  | (SInv) [potion of mutation]
 35565 | Vaults:1 | Lost mutation: You sometimes lose your temper in combat.
                  | [potion of mutation]
 35565 | Vaults:1 | Lost mutation: You have supernaturally acute eyesight.
                  | (SInv) [potion of mutation]
 35565 | Vaults:1 | Lost mutation: You are clumsy. (Dex -2) [potion of
                  | mutation]
 35565 | Vaults:1 | Gained mutation: You have a somewhat thin skeletal
                  | structure. (Dex +2, Stealth+) [potion of mutation]
 35565 | Vaults:1 | Gained mutation: You are frail. (-10% HP) [potion of
                  | mutation]
 35565 | Vaults:1 | Gained mutation: Your natural rate of healing is unusually
                  | fast. [potion of mutation]
 35567 | Vaults:1 | Lost mutation: Your natural rate of healing is unusually
                  | fast. [potion of mutation]
 35567 | Vaults:1 | Lost mutation: You are frail. (-10% HP) [potion of
                  | mutation]
 35567 | Vaults:1 | Lost mutation: You have a somewhat thin skeletal structure.
                  | (Dex +2, Stealth+) [potion of mutation]
 35567 | Vaults:1 | Gained mutation: You are somewhat resistant to further
                  | mutation. [potion of mutation]
 35739 | Vaults:1 | Acquired the +4 hat of Ovaruggy {Regen+}
 35822 | Vaults:1 | You fall into a shaft and drop 1 floor!
 35867 | Vaults:2 | Found a staircase to the Crypt.
 35947 | Vaults:2 | Reached skill level 17 in Fighting
 36085 | Vaults:2 | Found Xomoy's Distillery.
 36094 | Vaults:2 | Bought a potion of haste for 180 gold pieces
 36174 | Vaults:2 | Reached skill level 10 in Transmutations
 37162 | Vaults:3 | Reached XP level 19. HP: 125/177 MP: 14/24
 39386 | Vaults:4 | Reached skill level 18 in Fighting
 39696 | Vaults:4 | Paralysed by a formless jellyfish for 1 turns
 40135 | Depths:1 | Entered Level 1 of the Depths
 40276 | Depths:1 | Reached skill level 1 in Translocations
 40596 | Depths:1 | Reached XP level 20. HP: 116/166 MP: 15/25
 41023 | Depths:1 | You fall into a shaft and drop 1 floor!
 41037 | Depths:2 | Noticed the Enchantress
 41060 | Depths:2 | HP: 7/146 [spriggan defender/+2 quick blade of freezing[the
                  | Enchantress] (4)]
 41280 | Depths:3 | Found a gateway to Hell.
 41288 | Depths:3 | Paralysed by something for 4 turns
 41423 | Depths:3 | Learned a level 4 spell: Manifold Assault
 41751 | Depths:3 | Found a one-way gate to the infinite horrors of the Abyss.
 42442 | Depths:4 | Entered Level 4 of the Depths
 42457 | Depths:3 | Reached skill level 5 in Translocations
 42503 | Depths:2 | Noticed Aizul
 42533 | Depths:2 | Killed Aizul
 42885 | Depths:2 | Noticed Saint Roka
 42886 | Depths:2 | Annihilated by an ettin

Illustrated notes

Levels and vault maps discovered:
D:1:      matt_arrival_los_fun, layout_loops_ring, st_stairs_8,
          amcnicky_mini_corridor_feature, nicolae_grassy_gnolls
D:2:      layout_rooms, basic_altar, minmay_pentomino_r2, uniq_terence,
          uniq_crazy_yiuf_cottage
D:3:      layout_loops_ring, old_standard_altar, serial_co_window_serial,
          co_window_of_opportunity_a, co_window_corner_a, co_window_corner_a,
          co_window_paths_a, co_window_of_opportunity_a, co_window_cross_3,
          co_window_unsneaky_path_e, co_window_corner_b, co_window_2corner,
          co_window_cross_4, co_window_paths_d, glass_columns_b,
          glass_columns_a, glass_columns_b
D:4:      layout_basic, gammafunk_temple_overflow_arena,
          minmay_temple_entry_trees, uniq_robin
D:5:      layout_basic, gammafunk_ghost_split, kennysheep_generic_room_5,
          uniq_blork_the_orc, uniq_ijyb
D:6:      layout_basic, enter_ossuary_5, uniq_duvessa
D:7:      layout_basic, uniq_maggie
D:8:      minmay_octagon_keep, layout_basic, centaur_isle, uniq_jeremiah,
          uniq_pikel
D:9:      layout_irregular_city, serial_shops, nicolae_shop_gaudy_bauble,
          columned_hall_lemuel, uniq_harold
D:10:     layout_cave_pools, nicolae_elevator_lobby_plus
D:11:     layout_roguey, dpeg_lair_monsters, minmay_orc_entry_temple_small,
          kennysheep_generic_room_16, uniq_psyche
D:12:     layout_cave_pools, serial_shops, shop, uniq_erolcha, uniq_maurice
D:13:     layout_basic, hellmonk_vaults_order_and_chaos, nicolae_burly_brawl
D:14:     layout_small_grid, serial_shops, bzr_entry_lakeside
D:15:     grunt_enter_depths_hoard, layout_stronghold, serial_rivers,
          chequers_serial_rivers_small_3, chequers_serial_rivers_micro_b,
          chequers_serial_rivers_micro_d, chequers_serial_rivers_micro_e,
          chequers_serial_rivers_marsh, uniq_rupert
Temple:   regret_index_temple_chain_breaker
Lair:1:   layout_gridlike, grunt_megastairs_2
Lair:2:   layout_loops_ring, nicolae_snake_entry_warm_welcome,
          maelrawn_ghost_gauntlet_escape, infiniplex_staircase_pool
Lair:3:   layout_misc_corridors, nicolae_swamp_entry_splash_gauntlet,
          cheibrodos_lair_lostbears, lemuel_fruit_tree
Lair:4:   layout_cave_pods, dpeg_slime_entry_enclosed, grunt_megastairs_3,
          infiniplex_staircase_pool_2
Lair:5:   grunt_lair_end_beastmaster, layout_cave_pods,
          pdpol_lair_neglected_garden, chequers_serial_rivers_room_b,
          grunt_megastairs_1, uniq_urug
Swamp:1:  layout_basic_swamp, lemuel_altar_in_water, swamp_pool1,
          nicolae_swamp_no_escape
Swamp:2:  layout_basic_swamp, hangedman_swamp_lotus, uniq_jorgrun
Swamp:3:  layout_basic_swamp, gammafunk_ghost_wrathful_warriors,
          evilmike_swamp_ruin_house_5
Swamp:4:  swamp_icy, layout_basic_swamp
Snake:1:  layout_gridlike, basic_altar, serial_shops, shop,
          gammafunk_ghost_necromancy
Snake:2:  layout_chambers, serial_bayou_lagoon_b
Snake:3:  layout_gridlike
Snake:4:  hellmonk_snake_rune_quicksilver_temple, layout_misc_corridors,
          serial_bayou_shore_b
Orc:1:    layout_caves, ebering_ghost_disaster_area, bh_open_orc_temple
Orc:2:    pf_orc_diabolical, layout_caves, gauntlet_entry_generic, mines5_lemuel
Elf:1:    elf_arrival_001, layout_gridlike, kennysheep_underground_church,
          minmay_checkered_concentric_circles, uniq_azrael
Elf:2:    elven_hall_of_blades_hangedman_alternative [nicolae_blade_bullseye],
          layout_onion_city, infiniplex_enter_wizlab_spiral, nrook_uturn
Elf:3:    minmay_elf_hall_dome, layout_geoelf_octagon, ebering_ghost_xom,
          serial_shops, shop, drop_trap, dreamdust_princess_corridor,
          st_stairs_12, feat_on_display, uniq_norris, uniq_donald
Vaults:1: v_pattern_4, nicolae_vaults_house_2, nicolae_vaults_storage_closets_3,
          grunt_vaults_diagonal, nicolae_vaults_theta,
          nicolae_vaults_little_squares_4, nicolae_vaults_tetromino_T_1,
          nicolae_vaults_cornered_office, nicolae_vaults_enemy_cabinets,
          nicolae_vaults_closet_pinwheel_1, nicolae_vaults_trapezoid_lopsided_3,
          layout_vaults_chaotic_city, serial_shops, shop
Vaults:2: minmay_crypt_entry_simple_statues, ontoclasm_vaults_twist,
          v_pattern_5, nicolae_vaults_little_squares_1, vaults_dpeg_cross,
          hangedman_vaults_cutoff, nicolae_vaults_little_squares_3,
          layout_vaults_omnigrid, serial_shops, shop
Vaults:3: v_misc_27, nicolae_vaults_network_quincunx
          [nicolae_vaults_network_quincunx_subvault,
          nicolae_vaults_network_quincunx_subvault,
          nicolae_vaults_network_quincunx_subvault,
          nicolae_vaults_network_quincunx_subvault,
          nicolae_vaults_network_quincunx_subvault],
          nicolae_vaults_storage_closets_2, v_misc_22, nicolae_vaults_house_2,
          vaults_standard_mumra_lines, ontoclasm_vaults_fault, v_misc_1,
          grunt_vaults_twisty, ontoclasm_vaults_decontamination,
          layout_vaults_maze_snakey
Vaults:4: nicolae_vaults_hallways_thing, nicolae_vaults_trapezoid_lopsided_1,
          v_misc_27, nicolae_vaults_trapezoid_lopsided_1, v_rooms_3, v_rooms_4,
          serial_ice_b, nicolae_vaults_shelves_hall,
          nicolae_vaults_stairing_the_circle, vaults_mumra_chevron_long,
          nicolae_vaults_trapezoid_lopsided_4, v_pattern_1,
          nicolae_vaults_closet_pinwheel_1, nicolae_vaults_surprise_closet_hard,
          nicolae_vaults_little_squares_4, hangedman_vaults_stretched_pinwheel,
          nicolae_vaults_little_squares_5, layout_vaults_ring
Depths:1: layout_cave_shapes, pan_entry, minmay_misc_feat_secret_circle,
          grunt_hell_entry_dis_mu, chequers_big_river, solitary_fountain,
          kennysheep_generic_room_2
Depths:2: lemuel_vampire_tower, layout_cave_pools, hell_entry,
          serial_co_window_serial, co_window_paths_a, co_window_corner_a,
          co_window_corner_a, co_window_paths_a, co_window_paths_a,
          co_window_corner_ca, co_window_2corner, co_window_broadway_a,
          co_window_broadway_a, glass_columns_b, glass_columns_a, pan_entry,
          kiku_gazebo_garden_becter, uniq_enchantress, uniq_saint_roka,
          uniq_aizul
Depths:3: nicolae_moon_pools, layout_gridlike, hangedman_abyss_entry_splay,
          pan_entry, hell_entry, minivault_21, minmay_staircase_statues,
          serial_bayou_shore_b
Depths:4: hangedman_spin_cycle, serial_shops, hell_entry

Skill      XL: |  1  2  3  4  5  6  7  8  9 10 11 12 13 14 15 16 17 18 19 20 |
---------------+-------------------------------------------------------------+-----
Shapeshifting  | 1 2 3 4 5 7 9 9 10 12 13 | 13.2
Unarmed Combat | 1 2 3 4 5 7 7 9 12 14 15 16 17 | 17.3
Fighting       | 4 5 6 7 8 9 10 12 14 15 16 17 18 | 18.0
Short Blades   | 2 |  2.7
Dodging        | 3 6 10 12 13 15 16 | 16.5
Transmutations | 4 6 7 8 10 13 | 13.0
Spellcasting   | 4 5 |  5.2
Conjurations   | 4 7 |  7.5
Hexes          | 4 7 8 |  8.7
Translocations | 3 5 |  5.6

Action                     |  1- 3 |  4- 6 |  7- 9 | 10-12 | 13-15 | 16-18 | 19-21 || total
---------------------------+-------+-------+-------+-------+-------+-------+-------++-------
  Melee: Dagger            |    88 |   157 |       |       |       |       |       ||   245
         Short sword       |     8 |       |       |       |       |       |       ||     8
         Tailslap          |    14 |    43 |    43 |   177 |   190 |   270 |   186 ||   923
         Peck              |       |    59 |    61 |   212 |   238 |   292 |       ||   862
         Unarmed           |       |   171 |   257 |   927 |   950 |  1474 |   773 ||  4552
         Punch             |       |       |       |    65 |    88 |   184 |   108 ||   445
         Bite              |       |       |       |       |       |    16 |    20 ||    36
   Cast: Wereblood         |       |       |       |    18 |    37 |    31 |    18 ||   104
         Irradiate         |       |       |       |       |       |     5 |    10 ||    15
         Yara's Violent Un |       |       |       |       |       |     1 |     3 ||     4
         Manifold Assault  |       |       |       |       |       |       |    26 ||    26
 Invoke: Sacrifice Artific |       |     1 |       |       |       |       |       ||     1
         Sacrifice Drink   |       |       |     1 |       |       |       |       ||     1
         Draw Out Power    |       |       |     1 |     2 |     4 |     7 |     3 ||    17
         Sacrifice Skill   |       |       |       |     1 |       |       |       ||     1
         Apocalypse        |       |       |       |     4 |     9 |     9 |     6 ||    28
         Sacrifice Essence |       |       |       |     1 |       |       |       ||     1
         Sacrifice Experie |       |       |       |     1 |       |       |       ||     1
    Use: Scroll            |       |     7 |    12 |    15 |    15 |    15 |     8 ||    72
         Potion            |       |     2 |     1 |       |     9 |    10 |    13 ||    35
   Stab: Sleeping          |       |     2 |     1 |     3 |     1 |     3 |     2 ||    12
         Distracted        |       |       |     3 |     8 |     9 |    10 |     1 ||    31
         Invisible         |       |       |       |    10 |     9 |    11 |     4 ||    34
         Paralysed         |       |       |       |     8 |    41 |    15 |    17 ||    81
         Confused          |       |       |       |       |       |     1 |       ||     1
 Armour: Skin              |    44 |   152 |   127 |   515 |   528 |   771 |   473 ||  2610
  Dodge: Dodged            |    66 |   161 |   136 |   497 |   673 |  1005 |   618 ||  3156
   Form: Blade             |       |       |     1 |       |       |     2 |       ||     3
         Maw               |       |       |       |       |       |     1 |       ||     1
         Dragon            |       |       |       |       |       |     1 |     1 ||     2

Table legend: (Time is in decaauts)
 A = Elapsed time spent in this place.
 B = Non-inter-level travel time spent in this place.
 C = Inter-level travel time spent in this place.
 D = Time resting spent in this place.
 E = Time spent auto-exploring this place.
 F = Levels seen in this place.
 G = Mean time per level.
                   A        B        C        D        E       F      G
               +--------+--------+--------+--------+--------+-----+--------+
         Total |  42191 |  39392 |   2799 |   2248 |  28443 |  47 |  897.7 |
       Dungeon |  14729 |  13397 |   1332 |   1197 |   9445 |  15 |  981.9 |
        Temple |     32 |     11 |     21 |      0 |      0 |   1 |   32.0 |
          Lair |   4964 |   4361 |    603 |      0 |   3661 |   5 |  992.8 |
         Swamp |   3468 |   3252 |    216 |    203 |   2213 |   4 |  867.0 |
     Snake Pit |   4503 |   4326 |    177 |    236 |   3209 |   4 | 1125.8 |
  Orcish Mines |   1411 |   1327 |     84 |      0 |    940 |   2 |  705.5 |
   Elven Halls |   3615 |   3472 |    143 |     43 |   2492 |   3 | 1205.0 |
        Vaults |   5059 |   4940 |    119 |    310 |   3724 |   4 | 1264.8 |
        Depths |   2633 |   2534 |     99 |    167 |   1792 |   4 |  658.2 |
         Abyss |    255 |    255 |      0 |     21 |     19 |   1 |  255.0 |
        Bazaar |     34 |     34 |      0 |      0 |     17 |   1 |   34.0 |
       Ossuary |    473 |    473 |      0 |     70 |    281 |   1 |  473.0 |
        Wizlab |    759 |    759 |      0 |      0 |    522 |   1 |  759.0 |
      Gauntlet |    247 |    247 |      0 |      0 |    127 |   1 |  247.0 |
               +--------+--------+--------+--------+--------+-----+--------+

Top non-repeatable levels by time:
Depths:3: 1590 daAuts
     D:8: 1549 daAuts
   Elf:3: 1549 daAuts
 Snake:2: 1503 daAuts
     D:4: 1484 daAuts
Vaults:3: 1366 daAuts
Vaults:2: 1337 daAuts
     D:3: 1323 daAuts
Vaults:4: 1282 daAuts
    D:15: 1278 daAuts
   Elf:1: 1257 daAuts
  Lair:5: 1199 daAuts
 Snake:4: 1135 daAuts
     D:5: 1131 daAuts
  Lair:4: 1090 daAuts
